 Dungeon Crawl Stone Soup version 0.23.2-33-g5129a83184 (webtiles) character file.

Game seed: 12726109332142377764

149 Folque the Conjurer (level 4, -17/35 HPs)
             Began as a Demigod Conjurer on July 28, 2019.
             Demolished by Crazy Yiuf
             ... wielding a +3 quarterstaff of chaos
              (20 damage)
             ... on level 2 of the Dungeon.
             The game lasted 00:03:45 (1950 turns).

Folque the Conjurer (Demigod Conjurer)              Turns: 1950, Time: 00:03:45

Health: -17/35     AC:  3    Str: 11    XL:     4   Next: 83%
Magic:  0/11       EV: 12    Int: 26    God:
Gold:   85         SH:  0    Dex: 16    Spells: 3/9 levels left

rFire    . . .     SeeInvis .   b - +2 short sword (elec)
rCold    . . .     Gourm    .   (no shield)
rNeg     . . .     Faith    .   a - +0 robe
rPois    .         Spirit   .   d - +0 helmet
rElec    .         Reflect  .   (no cloak)
rCorr    .         Harm     .   (no gloves)
MR       .....                  (no boots)
Stlth    ++........             (no amulet)
HPRegen  0.11/turn              (no ring)
MPRegen  0.12/turn              (no ring)

@: brilliant, lethally poisoned (-17 -> -37)
A: high mp 1
a: no special abilities


You were on level 2 of the Dungeon.
You were not hungry.

You visited 1 branch of the dungeon, and saw 2 of its levels.

You collected 85 gold pieces.

Inventory:

Hand Weapons
 b - a +2 short sword of electrocution (weapon)
 q - a +0 mace
Missiles
 o - a throwing net (quivered)
Armour
 a - a +0 robe (worn)
 d - a +0 helmet (worn)
Wands
 p - a wand of flame (31)
Scrolls
 e - a scroll of amnesia {unknown}
 i - a scroll of immolation {unknown}
 j - a scroll of blinking {unknown}
 k - a scroll of teleportation {unknown}
 l - 2 scrolls of identify {unknown}
Potions
 g - a potion of berserk rage {unknown}
 h - a potion of lignification {unknown}
 n - a potion of curing {unknown}
Comestibles
 c - 4 rations
 f - 2 chunks of flesh


   Skills:
 - Level 1.0 Fighting
 - Level 1.7 Dodging
 - Level 1.7 Stealth
 + Level 3.3 Spellcasting
 + Level 4.3 Conjurations
 * Level 1.4 Hexes


You had 3 spell levels left.
You knew the following spells:

 Your Spells              Type           Power        Failure   Level  Hunger
a - Magic Dart            Conj           ####         1%          1    None
b - Searing Ray           Conj           #####.       1%          2    #......
c - Dazzling Spray        Conj/Hex       #####.       1%          3    ###....

Your spell library contained the following spells:

 Spells                   Type           Power        Failure   Level  Hunger
 Iskenderun's Mystic Bla  Conj           #####...     1%          4    ####...
 Fulminant Prism          Conj/Hex       #####.....   3%          4    ####...
 Force Lance              Conj/Tloc      ####....     4%          4    ####...


Dungeon Overview and Level Annotations

Branches:
Dungeon (2/15)

Annotations:
D:2 Crazy Yiuf


Innate Abilities, Weirdness & Mutations

You have an increased reservoir of magic. (+10% MP)


Message History

Casting: Searing Ray (safe; 3% risk of failure)
Confirm with . or Enter, or press ? or * to list all spells.
Aiming: Magic Dart (safe; 2% risk of failure)
Press: ? - help, Shift-Dir - straight line, f/p - Crazy Yiuf
Aim: Crazy Yiuf, wielding a +3 quarterstaff of chaos and wearing a +2 cloak of magic resistance (almost dead)
The magic dart hits Crazy Yiuf but does no damage.
Crazy Yiuf is almost dead.
You feel sick.
Crazy Yiuf whimpers, "Orb meccalolo pizzabubble!"
Crazy Yiuf hits you with a +3 quarterstaff of chaos!
* * * LOW HITPOINT WARNING * * *
It was a potion of brilliance.
You feel clever all of a sudden.
* * * LOW HITPOINT WARNING * * *
You feel sick.
Crazy Yiuf hits you with a +3 quarterstaff of chaos.
* * * LOW HITPOINT WARNING * * *
You are electrocuted!!
Ouch! That really hurt!
You die...

#....####.#
#..† #....#
#.# #.>.
♣.P..♣ #<#
#... ♣♣P.)♣
#.# #...
♣♣)♣♣ #.#
#... ♣♣)♣
#.# #...
♣)♣♣ #.#
##... ♣♣)♣
#.## #..##
♣@♣♣
##..####.###
#g#
#......#.###
)))
#......#.##.
#)))#
#......#.#.#
#).)#
#......)....
#####
#......#.#.#
#######.....
##.#.#
#.....


You could see Crazy Yiuf.

Vanquished Creatures
  Natasha (thrice) (D:2)
  3 adders (D:2)
  An ooze (D:2)
  A dart slug (D:1)
  2 ball pythons (D:2)
  2 giant cockroaches
  6 hobgoblins
  5 kobolds
  3 bats
  3 frilled lizards
  9 goblins
  A leopard gecko skeleton (D:2)
  5 rats
  A fungus (D:2)
45 creatures vanquished.

Vanquished Creatures (others)
  A fungus (D:2)
1 creature vanquished.

Grand Total: 46 creatures vanquished

Notes
Turn   | Place    | Note
-------+----------+-------------------------------------------
     0 | D:1      | Folque the Demigod Conjurer began the quest for the Orb.
     0 | D:1      | Reached XP level 1. HP: 14/14 MP: 5/5
   191 | D:1      | Reached XP level 2. HP: 6/22 MP: 3/7
   461 | D:1      | Learned a level 2 spell: Searing Ray
   968 | D:2      | Reached skill level 1 in Fighting
  1024 | D:2      | Reached XP level 3. HP: 27/28 MP: 7/9
  1029 | D:2      | Learned a level 3 spell: Dazzling Spray
  1128 | D:2      | Reached skill level 4 in Conjurations
  1332 | D:2      | Noticed Natasha
  1338 | D:2      | Killed Natasha
  1371 | D:2      | Noticed Natasha
  1376 | D:2      | Killed Natasha
  1376 | D:2      | Reached XP level 4. HP: 25/35 MP: 6/11
  1377 | D:2      | Reached skill level 1 in Hexes
  1441 | D:2      | Noticed Natasha
  1447 | D:2      | Killed Natasha
  1682 | D:2      | Found a bloodstained altar of Trog.
  1682 | D:2      | Found a sparkling altar of Nemelex Xobeh.
  1682 | D:2      | Found a shattered altar of Ashenzari.
  1819 | D:2      | Found a glowing golden altar of the Shining One.
  1935 | D:2      | Found a runed translucent door.
  1936 | D:2      | Noticed Crazy Yiuf
  1950 | D:2      | Demolished by Crazy Yiuf

Skill      XL: |  1  2  3  4 |
---------------+-------------+-----
Spellcasting   | 2 3 |  3.3
Fighting       | 1 |  1.0
Conjurations   | 4 |  4.3
Hexes          | 1 |  1.4
Dodging        | |  1.7
Stealth        | |  1.7

Action                   |  1- 3 |  4- 6 || total
-------------------------+-------+-------++-------
Melee: Short sword       |    68 |    20 ||    88
 Cast: Magic Dart        |     7 |     2 ||     9
       Searing Ray       |     5 |     4 ||     9
       Dazzling Spray    |     1 |     1 ||     2
  Use: Potion            |       |     1 ||     1
 Stab: Sleeping          |     1 |     2 ||     3
  Eat: Chunk             |     2 |     2 ||     4
Armor: Robe              |    21 |     3 ||    24
Dodge: Dodged            |    47 |     7 ||    54
